 Dungeon Sprint DCSS version 0.29-a0-837-g174bc33265 (webtiles) character file.

Game seed: 15883064700906331791

1810 Conn the Arsonist (level 9, -4/54 HPs)
             Began as an Octopode Fire Elementalist on July 13, 2022.
             Was a High Priest of Sif Muna.
             Slain by a redback (15 damage)
             ... in the Dungeon (Sprint VII: "The Pits").
             The game lasted 00:08:45 (1506 turns).

Conn the Arsonist (Octopode Fire Elementalist)      Turns: 1506, Time: 00:08:46

Health: -4/54      AC:  1    Str:  7    XL:     9   Next: 10%
Magic:  28/28      EV: 18    Int: 27    God:    Sif Muna [*****.]
Gold:   0          SH:  0    Dex: 16    Spells: 5/26 levels left

rFire   . . .      SeeInvis .   o - +6 Majin-Bo {vamp, MP+6 Int+6}
rCold   . . .      Faith    .   (shield currently unavailable)
rNeg    . . .      Spirit   .   (helmet restricted)
rPois   .          Reflect  .   (no amulet)
rElec   .          Harm     .   f - +3 ring of evasion
rCorr   .          Rampage  .   l - +3 ring of dexterity
Will    .....      NoTele   +   (no ring)
Stlth   +++++.....              (no ring)
HPRegen 0.18/turn               (no ring)
MPRegen 0.21/turn               (no ring)
                                (no ring)
                                (no ring)

@: no status effects
A: almost no armour, amphibious, 8 rings, camouflage 1, gelatinous body 1,
(nimble swimmer 1), tentacles
a: Renounce Religion, Channel Magic, Forget Spell, Divine Exegesis


You were in the Dungeon.
You worshipped Sif Muna.
Sif Muna was extremely pleased with you.
You visited 1 branch

Inventory:

Hand Weapons
 g - a +2 dagger
 o - the +6 Majin-Bo (weapon) {vamp, MP+6 Int+6}
   (You found it in the Dungeon)

   It heals its wielder for a portion of the damage dealt when they wound a
   living foe with it or with a spell.
   Its wielder's spells cost health as well as magical power.
   Int:       It affects your intelligence (+6).
   MP:        It affects your magic capacity (+6).
Jewellery
 f - a +3 ring of evasion (left tentacle)
 l - a +3 ring of dexterity (right tentacle)
Wands
 k - a wand of roots (6)
Scrolls
 i - 5 scrolls of amnesia
 j - a scroll of summoning
Potions
 a - 5 potions of magic
 b - 8 potions of curing
 c - 7 potions of heal wounds
 d - 4 potions of haste
 e - 3 potions of berserk rage
 h - a potion of invisibility
 m - a potion of resistance
 n - a potion of brilliance


   Skills:
 + Level 1.9 Fighting
 + Level 2.4 Short Blades
 + Level 4.6 Dodging
 + Level 7.0 Stealth
 + Level 9.0 Spellcasting
 * Level 8.2 Conjurations
 + Level 0.9 Hexes
 + Level 11.4 Fire Magic
 * Level 9.1 Invocations
 + Level 0.8 Evocations


You had 5 spell levels left.
You knew the following spells:

 Your Spells              Type           Power      Damage    Failure   Level
a - Foxfire               Conj/Fire      100%       2x1d9     1%          1
b - Conjure Flame         Conj/Fire      60%        6-21      1%          3
c - Inner Flame           Hex/Fire       45%        N/A       1%          3
d - Flame Wave            Conj/Fire      60%        2d12      1%          4
e - Scorch                Fire           100%       2d10      1%          2
f - Fireball              Conj/Fire      30%        3d13      2%          5
g - Ignite Poison         Fire/Tmut/Pois 32%        N/A       3%          3

Your spell library contained the following spells:

 Spells                   Type           Power      Damage    Failure   Level
 Beastly Appendage        Tmut           24%        N/A       4%          1
 Wereblood                Tmut           12%        N/A       7%          2
 Spider Form              Tmut/Pois      12%        N/A       14%         3
 Agony                    Necr           12%        N/A       78%         5
 Ignition                 Fire           32%        3d10      96%         8
 Borgnjor's Revivificati  Necr           6%         N/A       100%        8
 Necromutation            Tmut/Necr      6%         N/A       100%        8
 Death's Door             Necr           6%         N/A       100%        9


Dungeon Overview and Level Annotations

Branches:
Dungeon (1/1)

Altars:
Ashenzari
Cheibriados
Dithmenos
Elyvilon
Fedhas
Gozag
Hepliaklqana
Kikubaaqudgha
Makhleb
Nemelex Xobeh
Okawaru
Qazlal
Ru
Sif Muna
Trog
Uskayaw
Vehumet
Wu Jian
Xom
Yredelemnul
Zin
The Shining One
Jiyva
Lugonu


Innate Abilities, Weirdness & Mutations

You cannot wear most types of armour.
You are amphibious.
You can wear up to eight rings at the same time.
Your skin changes colour to match your surroundings (Stealth+).
Your rubbery body absorbs attacks. (AC +1, EV +1)
((You are camouflaged when in or above water. (Stealth+)))
You have tentacles for arms and can constrict up to eight enemies at once.


Message History

The polar bear is heavily wounded.
The polar bear's fire resistance burns away.
The polar bear is engulfed in blazing flames.
Sif Muna accepts your kill.
The polar bear explodes!
Your Stealth skill increases to level 7!
Your Spellcasting skill increases to level 9!
Your Conjurations skill increases to level 8!
Your Invocations skill increases to level 9!
You have reached level 9!
Your experience leads to an increase in your attributes!
Your base attributes are Str 7, Int 19, Dex 13.
Increase (S)trength, (I)ntelligence, or (D)exterity?
You feel clever. x2
Unknown command.
There is an open gate here.
You start resting.
HP restored.
You start resting.
Magic restored.
Okay, then.
You open the door.
There is an open door here.
You open the door. 5 dream sheep, a frilled lizard and a hornet come into view.
The dream sheep bleats! x3; You hear a shout!
A redback comes into view.
The dream sheep are wreathed in dream dust.
You feel drowsy...
You fall asleep.
The hornet buzzes angrily.
The dream sheep bleats!
You hear a bleat!
A dream sheep comes into view.
The redback bites you!!!
You wake up.
Ouch! That really hurt!
* * * LOW HITPOINT WARNING * * *
There is an open door, spattered with blood here.
Okay, then.
Okay, then.
The redback bites you!
You die...

...).........+
...#..#......#
.....ยง.......#
'#####''######
....##''################
....##..#.YYy..........#
....##..##YYlYY.........
<...##..#### #s#
....##..#..#####@##
....##..#....##...#
....##..'.....#...#
######..'.....'...+
######..'.....#...#
..[[##..#....##...#
..[[##..#..#####.##
..))##..#### #+#
..).##..#


You could see a redback.

Vanquished Creatures
  A deep troll (D)
  A polar bear (D)
  A spriggan (D)
  2 floating eyes (D)
  An orc warrior (D)
  3 ogres (D)
  A wolf (D)
  A necrophage (D)
  A gnoll sergeant (D)
  2 wights (D)
  Ijyb (D)
  5 gnolls (D)
  An ufetubus (D)
  5 orcs (D)
  An endoplasm (D)
  A giant cockroach (D)
  A goblin (D)
  A quokka (D)
  A ball python skeleton (D)
  3 kobolds (D)
34 creatures vanquished.

Vanquished Creatures (others)
  52 foxfires (D)
52 creatures vanquished.

Grand Total: 86 creatures vanquished

Notes
Turn   | Place    | Note
-------+----------+-------------------------------------------
     0 | D        | Conn the Octopode Fire Elementalist began the quest for the
                  | Orb.
     0 | D        | Reached XP level 1. HP: 11/11 MP: 3/3
    68 | D        | Found a glowing golden altar of the Shining One.
    68 | D        | Found a glowing silver altar of Zin.
    68 | D        | Found a basalt altar of Yredelemnul.
    68 | D        | Found a shimmering altar of Xom.
    68 | D        | Found an ornate altar of the Wu Jian Council.
    68 | D        | Found a bloodstained altar of Trog.
    68 | D        | Found a shimmering blue altar of Sif Muna.
    68 | D        | Found a sacrificial altar of Ru.
    68 | D        | Found a stormy altar of Qazlal.
    68 | D        | Found an iron altar of Okawaru.
    68 | D        | Found a sparkling altar of Nemelex Xobeh.
    68 | D        | Found a burning altar of Makhleb.
    68 | D        | Found a viscous altar of Jiyva.
    68 | D        | Found a hazy altar of Hepliaklqana.
    68 | D        | Found an opulent altar of Gozag.
    68 | D        | Found a blossoming altar of Fedhas.
    68 | D        | Found a white marble altar of Elyvilon.
    68 | D        | Found a shadowy altar of Dithmenos.
    68 | D        | Found a snail-covered altar of Cheibriados.
    69 | D        | Found a radiant altar of Vehumet.
    69 | D        | Found a corrupted altar of Lugonu.
    70 | D        | Found an ancient bone altar of Kikubaaqudgha.
    70 | D        | Found a hide-covered altar of Uskayaw.
    70 | D        | Found a broken altar of Ashenzari.
    71 | D        | Became a worshipper of Sif Muna the Loreminder
    80 | D        | Noticed a floating eye
    81 | D        | Paralysed by a floating eye for 3 turns
    87 | D        | Killed a floating eye
    88 | D        | Reached skill level 6 in Fire Magic
    88 | D        | Reached XP level 2. HP: 17/17 MP: 0/6
    88 | D        | Reached XP level 3. HP: 21/21 MP: 0/8
    88 | D        | Reached XP level 4. HP: 27/27 MP: 0/9
   169 | D        | Learned a level 2 spell: Scorch
   173 | D        | Learned a level 3 spell: Conjure Flame
   177 | D        | Learned a level 3 spell: Inner Flame
   180 | D        | Reached * piety under Sif Muna
   180 | D        | Noticed a floating eye
   182 | D        | Killed a floating eye
   183 | D        | Reached skill level 1 in Short Blades
   183 | D        | Reached skill level 7 in Fire Magic
   183 | D        | Reached XP level 5. HP: 31/31 MP: 4/12
   244 | D        | Reached ** piety under Sif Muna
   309 | D        | Learned a level 4 spell: Flame Wave
   315 | D        | Reached *** piety under Sif Muna
   316 | D        | Reached skill level 5 in Invocations
   324 | D        | Reached XP level 6. HP: 36/36 MP: 6/13
   362 | D        | Reached skill level 5 in Stealth
   362 | D        | Reached skill level 5 in Spellcasting
   362 | D        | Reached skill level 5 in Conjurations
   362 | D        | Reached skill level 8 in Fire Magic
   648 | D        | Reached **** piety under Sif Muna
   678 | D        | Reached skill level 9 in Fire Magic
   678 | D        | Reached XP level 7. HP: 42/42 MP: 9/16
   723 | D        | Noticed Ijyb
   734 | D        | Killed Ijyb
   750 | D        | Reached skill level 1 in Fighting
   764 | D        | Noticed a spriggan
   776 | D        | Killed a spriggan
   776 | D        | Reached ***** piety under Sif Muna
  1026 | D        | Noticed a deep troll
  1029 | D        | Received a gift from Sif Muna
  1030 | D        | Reached skill level 10 in Fire Magic
  1030 | D        | Reached XP level 8. HP: 48/48 MP: 15/19
  1036 | D        | Killed a deep troll
  1039 | D        | Got Sif Muna's Meditations on Shadows {god gift}
  1145 | D        | Reached skill level 11 in Fire Magic
  1146 | D        | Received a gift from Sif Muna
  1153 | D        | Got Sif Muna's Handbook of the Blaze and Transmigration
                  | {god gift}
  1306 | D        | Found the +6 Majin-Bo {vamp, MP+6 Int+6}
  1403 | D        | Learned a level 5 spell: Fireball
  1407 | D        | Learned a level 3 spell: Ignite Poison
  1424 | D        | Noticed a polar bear
  1433 | D        | Killed a polar bear
  1434 | D        | Reached XP level 9. HP: 50/54 MP: 14/22
  1503 | D        | Noticed a hornet
  1506 | D        | Slain by a redback

Illustrated notes

Levels and vault maps discovered:
D:        pitsprint [storerooms_1, entrance_room_1, metal_vault_1, armoury_1,
          mini_pit_1, grid_room_1, main_hall_1, silver_pit, the_coven_1,
          the_vestibule_1, steel_vault_1, golden_pit, hallway_of_sentries,
          crystal_vault_6, iron_vault_2, final_vault]

Skill      XL: |  1  2  3  4  5  6  7  8 |
---------------+-------------------------+-----
Dodging        | 3 4 |  4.6
Stealth        | 3 4 5 6 7 |  7.0
Spellcasting   | 3 4 6 7 9 |  9.0
Conjurations   | 3 4 5 7 8 |  8.2
Fire Magic     | 6 7 9 10 11 | 11.4
Invocations    | 3 4 5 6 7 9 |  9.1
Short Blades   | 1 2 |  2.4
Fighting       | 1 |  1.9
Hexes          | |  0.9
Evocations     | |  0.8

Action                   |  1- 3 |  4- 6 |  7- 9 || total
-------------------------+-------+-------+-------++-------
Melee: Dagger            |     3 |     8 |     4 ||    15
       Constrict         |     2 |     4 |       ||     6
       Tentacles         |     1 |     4 |       ||     5
 Cast: Foxfire           |     5 |    14 |    10 ||    29
       Scorch            |       |     8 |    14 ||    22
       Flame Wave        |       |     1 |       ||     1
       Inner Flame       |       |       |     4 ||     4
Evoke: Wand              |       |       |     1 ||     1
  Use: Potion            |       |     1 |     1 ||     2
       Scroll            |       |       |     1 ||     1
 Stab: Sleeping          |       |       |     3 ||     3
Dodge: Dodged            |       |     4 |     2 ||     6

Table legend: (Time is in decaauts)
 A = Elapsed time spent in this place.
 B = Non-inter-level travel time spent in this place.
 C = Inter-level travel time spent in this place.
 D = Time resting spent in this place.
 E = Time spent auto-exploring this place.
 F = Levels seen in this place.
 G = Mean time per level.
                   A        B        C        D        E       F      G
               +--------+--------+--------+--------+--------+-----+--------+
         Total |   1503 |   1503 |      0 |    663 |    320 |   1 | 1503.0 |
       Dungeon |   1503 |   1503 |      0 |    663 |    320 |   1 | 1503.0 |
               +--------+--------+--------+--------+--------+-----+--------+

Top non-repeatable levels by time:
       D: 1503 daAuts
